 Dungeon Crawl Stone Soup version 0.30-a0-250-g41c1d76940 (webtiles) character file.

Game seed: 16299579933926076841

996 dracfodder the Conjurer (level 7, -4/84 HPs)
             Began as a Pale Draconian Conjurer on Oct 12, 2022.
             Slain by Duvessa
             ... wielding a +0 short sword
              (5 damage)
             ... on level 6 of the Dungeon.
             The game lasted 00:30:31 (5824 turns).

dracfodder the Conjurer (Pale Draconian Conjurer)   Turns: 5824, Time: 00:30:32

Health: -4/84      AC: 23    Str: 11    XL:     7   Next: 99%
Magic:  9/13       EV:  2    Int: 20    God:
Gold:   240        SH:  0    Dex: 17    Spells: 8/14 levels left

rFire   . . .      SeeInvis .    a - +4 war axe of the Vine {holy, Str+2 Dex+7}
rCold   . . .      Faith    .    (no shield)
rNeg    . . .      Spirit   .    (body armour unavailable)
rPois   +          Reflect  .    (helmet currently unavailable)
rElec   .          Harm     .    (cloak currently unavailable)
rCorr   .          Rampage  .    (gloves currently unavailable)
Will    .....      NoTele   +    (boots currently unavailable)
Stlth   ++........               (no amulet)
HPRegen 0.34/turn                (no ring)
MPRegen 0.13/turn                (no ring)

@: tree-form
A: stationary, stasis, torment immunity, boosted hp, (breathe steam), AC +6,
unfitting armour, (cold-blooded), (steam resistance)
a: no special abilities


You were on level 6 of the Dungeon.
You were a tree.
You visited 2 branches of the dungeon, and saw 7 of its levels.
You also visited: Ossuary.

You collected 240 gold pieces.

Inventory:

Hand Weapons
 a - the +4 war axe of the Vine (weapon) {holy, Str+2 Dex+7}
   (You took it off a goblin on level 4 of the Dungeon)

   It has been blessed by the Shining One to cause great damage to the undead
   and demons.
   Str:       It affects your strength (+2).
   Dex:       It affects your dexterity (+7).
 b - a +1 sling
Missiles
 f - 9 boomerangs
Magical Staves
 g - a staff of earth
Wands
 i - a wand of flame (4)
Scrolls
 c - 2 scrolls of identify
 n - a scroll of amnesia {unknown}
 p - 2 scrolls of teleportation
Potions
 d - 5 potions of curing
 h - a potion of haste {unknown}
 j - a potion of might
 k - a potion of ambrosia
 l - a potion of brilliance
 m - a potion of magic
 o - 2 potions of lignification
 q - a potion of flight {unknown}


   Skills:
 + Level 2.6 Fighting
 + Level 1.1(1.6) Axes
 + Level 1.7(1.9) Maces & Flails
 + Level 0.1 Throwing
 + Level 3.0 Dodging
 + Level 2.9 Stealth
 + Level 4.1 Spellcasting
 + Level 6.8 Conjurations
 + Level 1.0 Hexes
 + Level 2.6 Evocations


You had 8 spell levels left.
You knew the following spells:

 Your Spells              Type           Power      Damage    Failure   Level
a - Magic Dart            Conj           100%       1d8       1%          1
b - Searing Ray           Conj           62%        2d6       1%          2
c - Dazzling Flash        Conj/Hex       38%        N/A       8%          3

Your spell library contained the following spells:

 Spells                   Type           Power      Damage    Failure   Level
 Fulminant Prism          Conj/Hex       9%         3d7       26%         4
 Iskenderun's Mystic Bla  Conj/Tloc      17%        2d5       30%         4
 Gell's Gravitas          Tloc           4%         N/A       36%         3
 Teleport Other           Tloc           4%         N/A       36%         3
 Dispersal                Tloc           2%         N/A       100%        6


Dungeon Overview and Level Annotations

Branches:
Dungeon (6/15)             Temple (1/1) D:6         Ossuary (visited)

Altars:
Ashenzari
Cheibriados
Elyvilon
Fedhas
Gozag
Hepliaklqana
Kikubaaqudgha
Makhleb
Okawaru
Qazlal
Ru
Sif Muna
Trog
Uskayaw
Vehumet
Wu Jian
Xom
Yredelemnul
The Shining One

Shops:
D:1 [   D:3 :   D:4 =

Annotations:
D:6 Duvessa


Innate Abilities, Weirdness & Mutations

You are a tree.
Your roots penetrate the ground, keeping you stationary.
You cannot be teleported.
You are immune to unholy pain and torment.
Your maximum health is greatly increased.
Your equipment is partially melded.
((You can breathe blasts of scalding, opaque steam.))
((Your pale cyan-grey scales are hard. (AC +6)))
You cannot fit into any form of body armour.
((You are cold-blooded and may be slowed by cold attacks.))
((You are immune to the effects of steam.))


Message History

Aim: Duvessa, wielding a +0 short sword and wearing a +0 scale mail (berserk, 85% to hit)
The searing ray hits Duvessa!
Duvessa is lightly wounded. (Press . to maintain the ray.) Duvessa hits you with a +0 short sword! x2
The searing ray hits Duvessa but does no damage.
Duvessa is lightly wounded.
Duvessa closely misses you.
The searing ray hits Duvessa.
Duvessa is lightly wounded.
Duvessa hits you with a +0 short sword!
* * * LOW HITPOINT WARNING * * *
Duvessa barely misses you.
Unknown command.
The searing ray hits Duvessa but does no damage.
Duvessa is lightly wounded.
You finish channelling your searing ray.
Duvessa hits you with a +0 short sword.
* * * LOW HITPOINT WARNING * * *
Really quaff the potion of lignification?
You turn into a tree.
Your roots penetrate the ground.
Duvessa hits you with a +0 short sword.
* * * LOW HITPOINT WARNING * * *
Duvessa hits you but does no damage.
You barely miss Duvessa.
Duvessa is lightly wounded.
Duvessa hits you but does no damage. x2
You closely miss Duvessa.
Duvessa is lightly wounded.
Duvessa hits you but does no damage. x2
You hit Duvessa but do no damage.
Duvessa is lightly wounded.
Duvessa hits you with a +0 short sword.
* * * LOW HITPOINT WARNING * * *
Duvessa hits you with a +0 short sword!
* * * LOW HITPOINT WARNING * * *
You hit Duvessa but do no damage.
Duvessa is lightly wounded.
Duvessa hits you with a +0 short sword.
You die...

#######
####.....
e....[÷.# #[#
#.# #.## #..#
#e♣# #.## #)#
#.##.#######
##..........#
#.....#####.#
#..########(#
#.............#
..........#####


You could see Duvessa (berserk).

Vanquished Creatures
  An ogre (D:4)
  A phantom (D:4)
  3 water moccasin zombies (Ossuary)
  5 wights (D:6)
  Dowan (D:6)
  A howler monkey (D:6)
  An orc priest (D:6)
  A hound (D:5)
  An iguana (D:4)
  2 orc wizards (D:4)
  2 mummies (Ossuary)
  Robin (D:3)
  2 adders
  A white imp (D:6)
  3 adder zombies (Ossuary)
  2 worms
  3 dart slugs
  11 orcs
  5 bats
  6 endoplasms
  2 giant cockroaches
  2 gnoll zombies (Ossuary)
  15 goblins
  7 hobgoblins
  4 jackals
  3 kobolds
  2 quokkas
  4 ball pythons
  A frilled lizard (D:2)
  11 hobgoblin zombies (Ossuary)
  6 kobold zombies (Ossuary)
  3 orc zombies (Ossuary)
  6 rats
119 creatures vanquished.

Notes
Turn   | Place    | Note
-------+----------+-------------------------------------------
     0 | D:1      | dracfodder the Draconian Conjurer began the quest for the
                  | Orb.
     0 | D:1      | Reached XP level 1. HP: 14/14 MP: 3/3
   319 | D:1      | Reached XP level 2. HP: 20/20 MP: 1/5
   433 | D:1      | Learned a level 2 spell: Searing Ray
   472 | D:1      | Found Vahel's Armour Emporium.
  1085 | D:2      | Reached XP level 3. HP: 25/26 MP: 0/6
  1263 | D:2      | Reached skill level 5 in Conjurations
  1315 | D:2      | Learned a level 3 spell: Dazzling Flash
  1823 | D:3      | Found a radiant altar of Vehumet.
  1944 | D:3      | Reached XP level 4. HP: 30/33 MP: 2/7
  1948 | D:3      | Noticed Robin
  2148 | D:3      | Killed Robin
  2466 | D:3      | Found Fuan's Book Emporium.
  3166 | D:4      | Reached skill level 1 in Hexes
  3166 | D:4      | Reached XP level 5. HP: 37/38 MP: 1/9
  3185 | D:4      | Found a sand-covered staircase.
  3200 | Ossuary  | Entered an ossuary
  3711 | Ossuary  | Reached skill level 1 in Fighting
  3711 | Ossuary  | Reached XP level 6. HP: 24/48 MP: 1/10
  3832 | Ossuary  | Reached skill level 6 in Conjurations
  4167 | D:4      | Reached skill level 1 in Maces & Flails
  4167 | D:4      | Reached skill level 1 in Evocations
  4185 | D:4      | Your scales start taking on a pale cyan-grey colour.
  4185 | D:4      | Reached XP level 7. HP: 55/55 MP: 1/12
  4185 | D:4      | Gained mutation: You are immune to the effects of steam.
                  | [Pale Draconian growth]
  4510 | D:4      | Identified the +4 war axe of the Vine {holy, Str+2 Dex+7}
  4592 | D:4      | Found Guinn's Jewellery Shop.
  4602 | D:4      | Found an ornate altar of the Wu Jian Council.
  4606 | D:4      | Found a glowing golden altar of the Shining One.
  4607 | D:4      | Found an ancient bone altar of Kikubaaqudgha.
  4608 | D:4      | Found a basalt altar of Yredelemnul.
  4616 | D:4      | Found a hazy altar of Hepliaklqana.
  4831 | D:5      | Entered Level 5 of the Dungeon
  4900 | D:5      | You fall into a shaft and drop 1 floor!
  5211 | D:6      | Found a staircase to the Ecumenical Temple.
  5223 | Temple   | Entered the Ecumenical Temple
  5538 | D:6      | Reached skill level 1 in Axes
  5543 | D:6      | Noticed Dowan
  5557 | D:6      | Killed Dowan
  5711 | D:6      | Noticed Duvessa
  5823 | D:6      | HP: 1/84 [Duvessa/+0 short sword (10)]
  5824 | D:6      | Slain by Duvessa

Illustrated notes

Levels and vault maps discovered:
D:1:      minmay_arrival_shattered_statue, layout_rooms, serial_shops,
          nicolae_shop_competitors_out_of_business
D:2:      layout_rooms
D:3:      layout_basic, mainiacjoe_overflow_concentric_impassable, serial_shops,
          nicolae_shop_behind_doors, dk_noncrumbling_2, uniq_robin
D:4:      layout_cave_pools, grunt_temple_overflow_open,
          lightli_ossuary_entry_decrepit_ruins, serial_shops, shop,
          hangedman_decor_riveting
D:5:      layout_gridville, minmay_mini_ossuary
D:6:      layout_loops_ring, nicolae_overflow_hidden_temple,
          minmay_temple_entry_proselytizer, uniq_duvessa
Temple:   compressed_dpeg_triangle_lava_temple

Skill      XL: |  1  2  3  4  5  6  7 |
---------------+----------------------+-----
Conjurations   | 5 6 |  6.8
Stealth        | 2 |  2.9
Dodging        | 2 3 |  3.0
Hexes          | 1 |  1.0
Spellcasting   | 3 4 |  4.1
Fighting       | 1 2 |  2.6
Maces & Flails | 1 |  1.7
Evocations     | 1 2 |  2.6
Axes           | 1 |  1.1
Throwing       | |  0.1

Action                   |  1- 3 |  4- 6 |  7- 9 || total
-------------------------+-------+-------+-------++-------
Melee: Whip              |    14 |    26 |       ||    40
       Tailslap          |       |     4 |     2 ||     6
       War axe           |       |       |    26 ||    26
Throw: Boomerang         |     4 |       |       ||     4
 Cast: Magic Dart        |    63 |    40 |    10 ||   113
       Searing Ray       |     7 |    22 |     6 ||    35
       Dazzling Flash    |       |     1 |       ||     1
 Abil: Breathe Steam     |       |       |     1 ||     1
Evoke: Wand              |       |    18 |     3 ||    21
  Use: Scroll            |     5 |     5 |     3 ||    13
       Potion            |       |     2 |     3 ||     5
 Stab: Sleeping          |       |       |     1 ||     1
Armor: Skin              |     6 |    18 |    11 ||    35
Dodge: Dodged            |    19 |    37 |    21 ||    77

Table legend: (Time is in decaauts)
 A = Elapsed time spent in this place.
 B = Non-inter-level travel time spent in this place.
 C = Inter-level travel time spent in this place.
 D = Time resting spent in this place.
 E = Time spent auto-exploring this place.
 F = Levels seen in this place.
 G = Mean time per level.
                   A        B        C        D        E       F      G
               +--------+--------+--------+--------+--------+-----+--------+
         Total |   5865 |   5739 |    126 |   2629 |   2179 |   8 |  733.1 |
       Dungeon |   4578 |   4461 |    117 |   1825 |   1922 |   6 |  763.0 |
        Temple |    558 |    549 |      9 |    248 |    257 |   1 |  558.0 |
       Ossuary |    728 |    728 |      0 |    555 |      0 |   1 |  728.0 |
               +--------+--------+--------+--------+--------+-----+--------+

Top non-repeatable levels by time:
     D:2: 1292 daAuts
     D:3: 1030 daAuts
     D:4: 993 daAuts
     D:1: 809 daAuts
 Ossuary: 728 daAuts
  Temple: 558 daAuts
     D:6: 382 daAuts
     D:5: 69 daAuts
